 Dungeon Crawl Stone Soup version 0.22-a0-362-g535178c (webtiles) character file.

3940 iamserjio the Grappler (level 10, -2/84 HPs)
             Began as a Naga Transmuter on Apr 21, 2018.
             Was a Believer of Cheibriados.
             Killed from afar by Psyche (8 damage)
             ... with a puff of frost
             ... on level 8 of the Dungeon.
             The game lasted 00:32:03 (10718 turns).

iamserjio the Grappler (Naga Transmuter)           Turns: 10718, Time: 00:32:04

Health: -2/84      AC:  6    Str: 20    XL:     10   Next: 21%
Magic:  13/13      EV: 12    Int: 18    God:    Cheibriados [**....]
Gold:   590        SH:  0    Dex: 18    Spells: 2/13 levels left

rFire    . . .     SeeInvis +     - Unarmed
rCold    . . .     Gourm    .   (no shield)
rNeg     . . .     Faith    .   b - +0 robe
rPois    +         Spirit   .   (no helmet)
rElec    .         Reflect  .   u - +0 cloak
rCorr    .         Harm     .   E - +0 pair of gloves (curse)
MR       +....                  (no barding)
Stlth    +++.......             (no amulet)
HPRegen  0.24/turn              c - +1 ring of slaying
MPRegen  0.13/turn              A - +2 ring of evasion

@: very slow
A: large, see invisible, deformed body, poison resistance, slowness 2, slow
metabolism 1, spit poison 1, AC +3
a: Spit Poison, Bend Time, Renounce Religion


You were on level 8 of the Dungeon.
You worshipped Cheibriados.
Cheibriados was pleased with you.
You were hungry.

You visited 2 branches of the dungeon, and saw 9 of its levels.

You collected 590 gold pieces.

Inventory:

Missiles
 a - 56 arrows
Armour
 b - a +0 robe (worn)
 i - a +0 buckler
 u - a +0 cloak (worn)
 E - a cursed +0 pair of gloves (worn)
Magical Staves
 y - a cursed staff of power {unknown}
Jewellery
 c - a +1 ring of slaying (left hand)
 s - an uncursed ring of protection from fire
 x - an uncursed ring of fire
 A - a +2 ring of evasion (right hand)
 B - an uncursed ring of magical power
Wands
 j - a wand of iceblast (8)
 C - a wand of disintegration (14)
 D - a wand of paralysis (12)
 F - a wand of enslavement (10)
Scrolls
 f - 2 scrolls of remove curse {unknown}
 h - a scroll of noise {unknown}
 l - a scroll of fog {unknown}
 n - a scroll of magic mapping {unknown}
 q - a scroll of teleportation
 r - a scroll of amnesia {unknown}
 v - a scroll of blinking {unknown}
Potions
 e - a potion of resistance
 g - a potion of flight
 k - a potion of invisibility {unknown}
 m - a potion of mutation {unknown}
 o - 2 potions of magic
 p - a potion of heal wounds {unknown}
 t - 2 potions of berserk rage
 w - a potion of haste
 z - 2 potions of lignification {unknown}
Comestibles
 d - 5 rations
 G - 4 chunks of flesh


   Skills:
 - Level 3.4 Fighting
 - Level 1.5 Dodging
 - Level 6.2 Stealth
 * Level 10.7 Unarmed Combat
 - Level 2.0 Spellcasting
 + Level 7.8 Transmutations
 - Level 1.1 Poison Magic
 - Level 4.0 Invocations


You had 2 spell levels left.
You knew the following spells:

 Your Spells              Type           Power        Failure   Level  Hunger
a - Beastly Appendage     Tmut           ####..       1%          1    #......
b - Spider Form           Tmut/Pois      ###.......   9%          3    ###....
c - Sticks to Snakes      Tmut           ####....     1%          2    ###....
d - Blade Hands           Tmut           ####......   21%         5    ######.


Dungeon Overview and Level Annotations

Branches:
Dungeon (8/15)             Temple (1/1) D:5
   Lair: D:8-11

Altars:
Cheibriados
Dithmenos
Elyvilon
Fedhas
Gozag
Hepliaklqana
Kikubaaqudgha
Nemelex Xobeh
Okawaru
Qazlal
Ru
Sif Muna
Uskayaw
Vehumet
Wu Jian
Zin
The Shining One

Shops:
D:2 *   D:6 %

Annotations:
D:3 Grinder
D:8 Psyche


Innate Abilities, Weirdness & Mutations

You cannot wear boots.
Your serpentine skin is tough. (AC +3)
You have supernaturally acute eyesight. (SInv)
Armour fits poorly on your strangely shaped body.
Your system is resistant to poisons. (rPois)
You cover ground very slowly.
You have a slow metabolism.
You can spit poison.


Message History

Your cursed +0 pair of gloves unmelds from your body.
Your +0 robe unmelds from your body.
Psyche laughs secretively.
Psyche casts a spell.
Psyche seems to speed up.
The orc hits you but does no damage.
Psyche says, "I'll kill you and take you home."
The orc closely misses you.
The hell hound barks!
Psyche points at you and mumbles some strange words.
The puff of flame hits you!
* * * LOW HITPOINT WARNING * * *
The hell hound bites you.
* * * LOW HITPOINT WARNING * * *
Psyche barely misses you.
The hell hound bites you but does no damage.
Psyche closely misses you. The hell hound bites you.
* * * LOW HITPOINT WARNING * * *
Psyche gestures at you while chanting. The puff of frost hits you!
You die...

##.### ....
##....####.<.. ..
##..##..##..# ...
##.####.....## ...
#.## #......#### ...
##.#
##.........###..
#.###....#..........
##......######.<....
##@.....### ###....
#.@ho....####..#..
###h........#..##.
#..####.....###.
##o## ###...# ##
#..# ###.# # ##.#
#.#### #.## ##.....
# #..# ##......


You could see Psyche, 2 hell hounds and 2 orcs.

Vanquished Creatures
  A two-headed ogre (D:7)
  Pikel (D:4)
  Maurice (D:8)
  2 hippogriffs (D:7)
  Menkaure (D:5)
  A water moccasin (D:7)
  2 orc warriors
  3 ice beasts
  A sky beast (D:6)
  3 ogres
  A slave (D:4)
  2 bullfrogs
  A water moccasin skeleton (D:4)
  3 scorpions
  3 howler monkeys (D:7)
  3 jellies
  3 hounds
  3 orc priests
  3 orc wizards
  2 iguanas
  Natasha (twice) (D:2)
  6 worker ants
  4 gnolls
  A howler monkey skeleton (D:7)
  6 adders
  3 worms
  A dart slug (D:1)
  3 leopard geckos
  21 orcs
  7 bats
  6 giant cockroaches
  4 goblins
  4 hobgoblins
  7 jackals
  A quokka (D:2)
  A ball python (D:4)
  A frilled lizard (D:1)
  7 kobolds
  7 rats
  A fungus (D:4)
133 creatures vanquished.

Notes
Turn   | Place    | Note
-------+----------+-------------------------------------------
     0 | D:1      | iamserjio the Naga Transmuter began the quest for the Orb.
     0 | D:1      | Reached XP level 1. HP: 18/18 MP: 3/3
   106 | D:1      | Reached skill level 1 in Stealth
   106 | D:1      | Reached XP level 2. HP: 25/25 MP: 5/5
   491 | D:1      | Reached XP level 3. HP: 17/31 MP: 6/6
  1357 | D:1      | Learned a level 3 spell: Spider Form
  2026 | D:2      | Found an opulent altar of Gozag.
  2031 | D:2      | Found Gozag's Platinum Reserve.
  2191 | D:2      | Noticed Natasha
  2198 | D:2      | Killed Natasha
  2198 | D:2      | Reached skill level 1 in Poison Magic
  2198 | D:2      | Reached XP level 4. HP: 35/38 MP: 3/7
  2199 | D:2      | Noticed Natasha
  2204 | D:2      | Killed Natasha
  3277 | D:3      | Noticed Grinder
  3323 | D:3      | Reached skill level 4 in Unarmed Combat
  3323 | D:3      | Reached XP level 5. HP: 25/44 MP: 1/8
  3323 | D:3      | Paralysed by Grinder for 3 turns
  3638 | D:4      | Noticed an ogre
  3657 | D:4      | Killed an ogre
  3657 | D:4      | Reached XP level 6. HP: 33/52 MP: 1/9
  4139 | D:4      | Found a sparkling altar of Nemelex Xobeh.
  4320 | D:4      | Reached skill level 5 in Stealth
  4320 | D:4      | Reached skill level 5 in Unarmed Combat
  4559 | D:4      | Noticed a slave
  4572 | D:4      | Noticed Pikel
  4576 | D:4      | Killed a slave
  4578 | D:4      | Noticed a slave
  4580 | D:4      | Noticed a slave
  4585 | D:4      | Killed Pikel
  4585 | D:4      | Reached skill level 6 in Unarmed Combat
  4585 | D:4      | Reached XP level 7. HP: 20/62 MP: 5/10
  5226 | D:3      | You fall through a shaft for 2 floors!
  5226 | D:5      | Entered Level 5 of the Dungeon
  5539 | D:3      | Found an ancient bone altar of Kikubaaqudgha.
  5541 | D:3      | Found a deep blue altar of Sif Muna.
  5543 | D:3      | Found a radiant altar of Vehumet.
  5547 | D:3      | Identified Sif Muna's Incunabulum of the Traveller
  5708 | D:5      | Reached XP level 8. HP: 37/69 MP: 8/11
  5862 | D:5      | Noticed Menkaure
  5863 | D:5      | Found a staircase to the Ecumenical Temple.
  6278 | Temple   | Entered the Ecumenical Temple
  6375 | Temple   | Became a worshipper of Cheibriados the Contemplative
  6432 | D:5      | Killed Menkaure
  6432 | D:5      | Reached skill level 1 in Invocations
  6579 | D:5      | Reached skill level 5 in Transmutations
  7074 | D:5      | Reached skill level 7 in Unarmed Combat
  7788 | D:6      | Reached * piety under Cheibriados
  8423 | D:6      | Reached XP level 9. HP: 67/76 MP: 10/12
  8445 | D:6      | Reached skill level 8 in Unarmed Combat
  8527 | D:6      | Found Nogaps's Food Boutique.
  9211 | D:7      | Learned a level 2 spell: Sticks to Snakes
  9670 | D:7      | Reached skill level 9 in Unarmed Combat
  9888 | D:7      | Found a blossoming altar of Fedhas.
  9941 | D:7      | Reached ** piety under Cheibriados
 10408 | D:7      | Noticed a two-headed ogre
 10418 | D:7      | Killed a two-headed ogre
 10418 | D:7      | Reached skill level 10 in Unarmed Combat
 10418 | D:7      | Reached XP level 10. HP: 84/84 MP: 7/13
 10617 | D:8      | Learned a level 5 spell: Blade Hands
 10649 | D:8      | Noticed Maurice
 10662 | D:8      | Killed Maurice
 10685 | D:8      | Noticed a two-headed ogre
 10707 | D:8      | Noticed Psyche
 10718 | D:8      | Killed from afar by Psyche

Vault maps used:
D:1:      ncdulo_halloftheorcs
D:2:      nicolae_gozag_zags_fifth_avenue, lemuel_flame_loot_1,
          uniq_crazy_yiuf_cottage, uniq_natasha
D:3:      grunt_temple_overflow_magic_moments, uniq_grinder
D:4:      first_ration, minmay_gold_behind_fungi, nemelex_spade_bored_becter,
          uniq_pikel
D:5:      minmay_temple_entry_statues_fountains, uniq_menkaure
D:6:      serial_shops, nicolae_shop_behind_doors
D:7:      basic_altar
D:8:      minitemple, minmay_lair_entry_lava, uniq_psyche, uniq_maurice
Temple:   nicolae_temple_figure_eight

Skill      XL: |  1  2  3  4  5  6  7  8  9 |
---------------+----------------------------+-----
Stealth        | 1 2 3 4 6 |  6.2
Poison Magic   | 1 |  1.1
Transmutations | 3 4 5 7 |  7.8
Unarmed Combat | 4 6 7 10 | 10.7
Fighting       | 3 |  3.4
Invocations    | 3 4 |  4.0
Dodging        | |  1.5
Spellcasting   | |  2.0

Action                   |  1- 3 |  4- 6 |  7- 9 | 10-12 || total
-------------------------+-------+-------+-------+-------++-------
Melee: Unarmed           |   111 |   123 |   217 |    15 ||   466
       Punch             |       |     1 |     5 |       ||     6
       Headbutt          |       |       |     1 |       ||     1
 Cast: Spider Form       |     1 |    13 |    37 |     3 ||    54
       Beastly Appendage |       |       |     2 |       ||     2
 Abil: Spit Poison       |    13 |    13 |     8 |       ||    34
Evoke: Wand              |       |       |     1 |       ||     1
  Use: Scroll            |       |       |     6 |     2 ||     8
       Potion            |       |       |     3 |       ||     3
 Stab: Sleeping          |     2 |     3 |    14 |     1 ||    20
  Eat: Ration            |     1 |     1 |     3 |       ||     5
       Chunk             |       |     5 |     9 |     1 ||    15
Armor: Robe              |    14 |     7 |    10 |     4 ||    35
       Skin              |       |     1 |     3 |       ||     4
Dodge: Dodged            |    56 |    80 |   158 |    14 ||   308

Table legend:
 A = Spawn XP
 B = Non-spawn XP
 C = Spawn XP percentage of total XP
 D = Spawn monster count
 E = Non-spawn monster count
 F = Spawn count percentage of total count
 G = Total turns spent on level
                    A         B        C        D         E        F      G
               +---------+---------+-------+---------+---------+-------+---------
         Total |       0 |    5629 |   0.0 |       0 |     131 |   0.0 | 10718
               +---------+---------+-------+---------+---------+-------+---------
           D:1 |       0 |      47 |   0.0 |       0 |      21 |   0.0 |  1456
           D:2 |       0 |      86 |   0.0 |       0 |      11 |   0.0 |  1469
           D:3 |       0 |      47 |   0.0 |       0 |      13 |   0.0 |   775
           D:4 |       0 |     975 |   0.0 |       0 |      23 |   0.0 |  2268
           D:5 |       0 |     721 |   0.0 |       0 |      15 |   0.0 |  1680
           D:6 |       0 |    1006 |   0.0 |       0 |      21 |   0.0 |  1596
           D:7 |       0 |    2279 |   0.0 |       0 |      25 |   0.0 |  1192
           D:8 |       0 |     468 |   0.0 |       0 |       2 |   0.0 |   158
               +---------+---------+-------+---------+---------+-------+---------
